 Dungeon Crawl Stone Soup version 0.22.1-5-g62c59d9 (webtiles) character file.

414 Kairos the Chopper (level 6, -10/32 HPs)
             Began as a Vine Stalker Fighter on Jan 14, 2019.
             Mangled by an orc warrior
             ... wielding a +0 mace
              (12 damage)
             ... on level 3 of the Dungeon.
             The game lasted 00:01:53 (2110 turns).

Kairos the Chopper (Vine Stalker Fighter)           Turns: 2110, Time: 00:01:53

Health: -10/32     AC:  9    Str: 21    XL:     6   Next: 91%
Magic:  0/7        EV:  8    Int:  8    God:
Gold:   112        SH:  9    Dex: 13    Spells: 5/5 levels left

rFire    . . .     SeeInvis .   a - +0 war axe
rCold    . . .     Gourm    .   c - +0 shield
rNeg     . . .     Faith    .   b - +0 scale mail
rPois    .         Spirit   +   i - +1 helmet
rElec    .         Reflect  .   (no cloak)
rCorr    .         Harm     .   (no gloves)
MR       .....                  (no boots)
Stlth    ..........             (no amulet)
HPRegen  0.50/turn              o - ring of wizardry
MPRegen  0.10/turn              (no ring)

@: no status effects
A: fangs 2, regeneration 1, magic shield, antimagic bite, no potion heal 3, rot
immunity
a: no special abilities


You were on level 3 of the Dungeon.
You were hungry.

You visited 1 branch of the dungeon, and saw 3 of its levels.

You collected 112 gold pieces.

Inventory:

Hand Weapons
 a - a +0 war axe (weapon)
Armour
 b - a +0 scale mail (worn)
 c - a +0 shield (worn)
 i - a +1 helmet (worn)
Jewellery
 o - a ring of wizardry (left hand)
Wands
 p - a wand of clouds (2)
Scrolls
 e - a scroll of enchant armour {unknown}
 g - a scroll of amnesia {unknown}
 j - 2 scrolls of teleportation {unknown}
 l - 2 scrolls of magic mapping {unknown}
 m - a scroll of fog {unknown}
 n - 5 scrolls of identify {unknown}
 q - 2 scrolls of remove curse {unknown}
 v - a scroll of fear {unknown}
 w - a scroll of random uselessness {unknown}
Potions
 d - a potion of might
 h - 4 potions of curing {unknown}
 k - a potion of resistance {unknown}
 r - a potion of lignification {unknown}
 s - a potion of cancellation {unknown}
 t - a potion of invisibility {unknown}
 u - a potion of berserk rage {unknown}
Comestibles
 f - 9 rations


   Skills:
 + Level 3.6 Fighting
 + Level 4.4 Axes
 + Level 3.5 Armour
 + Level 0.9 Dodging
 + Level 3.6 Shields


You had 5 spell levels left.
You didn't know any spells.
Your spell library was empty.

Dungeon Overview and Level Annotations

Branches:
Dungeon (3/15)

Altars:
Makhleb
Nemelex Xobeh
Sif Muna


Innate Abilities, Weirdness & Mutations

You have extremely sharp teeth.
Your natural rate of healing is unusually fast.
When hurt, damage is shared between your health and your magic reserves.
Your bite disrupts and absorbs the magic of your enemies.
Potions cannot restore your health.
You are immune to rotting.


Message History

You are too injured to fight recklessly!
You slash the orc warrior! Your bite misses the orc warrior.
The orc warrior is heavily wounded.
The orc warrior hits you with a mace!
* * * LOW HITPOINT WARNING * * *
You barely miss the orc warrior. Your bite misses the orc warrior.
The orc warrior is heavily wounded.
You block the orc warrior's attack.
You closely miss the orc warrior. Your bite misses the orc warrior.
The orc warrior is heavily wounded.
You block the orc warrior's attack. The orc warrior hits you with a mace.
* * * LOW HITPOINT WARNING * * *
You slash the orc warrior! Your bite misses the orc warrior.
The orc warrior is almost dead.
You block the orc warrior's attack.
You barely miss the orc warrior.
You bite the orc warrior, but do no damage.
The orc warrior is almost dead.
The orc warrior hits you with a mace!
You die...

.# .# #[# .# #.#
##. #.# #.. #.#
#.# #.# #.# #..
#o# #.# ## #@# #.#
#)#########.######
#....†..........÷.
##############.###
#.... #####


You could see an orc warrior.

Vanquished Creatures
  A hippogriff (D:3)
  A scorpion (D:2)
  Natasha (D:2)
  2 orc wizards (D:3)
  Robin (D:2)
  3 adders
  2 gnolls
  A worm (D:3)
  A leopard gecko (D:3)
  An orc (D:3)
  14 goblins
  9 hobgoblins
  3 jackals (D:3)
  2 kobolds
  5 bats
  4 rats
51 creatures vanquished.

Notes
Turn   | Place    | Note
-------+----------+-------------------------------------------
     0 | D:1      | Kairos the Vine Stalker Fighter began the quest for the
                  | Orb.
     0 | D:1      | Reached XP level 1. HP: 11/11 MP: 2/2
   292 | D:1      | Reached XP level 2. HP: 15/16 MP: 3/3
   304 | D:1      | Reached skill level 2 in Axes
   616 | D:2      | Reached XP level 3. HP: 19/20 MP: 4/4
   819 | D:2      | Noticed Natasha
   819 | D:2      | Noticed a scorpion
   822 | D:2      | Killed Natasha
   822 | D:2      | Gained mutation: Your natural rate of healing is unusually
                  | fast. [Vine Stalker growth]
   822 | D:2      | Reached XP level 4. HP: 24/24 MP: 5/5
   830 | D:2      | Reached skill level 3 in Axes
   830 | D:2      | Reached XP level 5. HP: 6/28 MP: 3/6
  1236 | D:2      | Found a sparkling altar of Nemelex Xobeh.
  1262 | D:2      | Noticed Robin
  1268 | D:2      | Killed Robin
  1653 | D:3      | Found a burning altar of Makhleb.
  1653 | D:3      | Found a deep blue altar of Sif Muna.
  1856 | D:3      | Noticed a hippogriff
  1866 | D:3      | Killed a hippogriff
  1866 | D:3      | Reached skill level 4 in Axes
  1866 | D:3      | Reached XP level 6. HP: 15/32 MP: 2/7
  2094 | D:3      | Noticed an orc warrior
  2108 | D:3      | HP: 1/32 [orc warrior/mace (4)]
  2110 | D:3      | Mangled by an orc warrior

Skill      XL: |  1  2  3  4  5 |
---------------+----------------+-----
Axes           | 2 3 4 |  4.4
Fighting       | 3 |  3.6
Shields        | 3 |  3.6
Armour         | 3 |  3.5
Dodging        | |  0.9

Action                   |  1- 3 |  4- 6 || total
-------------------------+-------+-------++-------
Melee: War axe           |    53 |    78 ||   131
       Bite              |    15 |    17 ||    32
  Eat: Chunk             |       |     3 ||     3
Armor: Scale mail        |    24 |    29 ||    53
Dodge: Dodged            |    13 |    23 ||    36
Block: Shield            |    39 |    52 ||    91
